 Dungeon Crawl Stone Soup version 0.29-a0-824-gd827844252 (webtiles) character file.

Game seed: 16441042314846769901

5 bigduke15 the Chiller (level 1, 0/14 HPs)
             Began as a Demigod Ice Elementalist on July 10, 2022.
             Slain by a giant cockroach (1 damage)
             ... on level 1 of the Dungeon.
             The game lasted 00:03:49 (336 turns).

bigduke15 the Chiller (Demigod Ice Elementalist)     Turns: 336, Time: 00:03:49

Health: 0/14       AC:  3    Str:  9    XL:     1   Next: 53%
Magic:  5/5        EV:  9    Int: 17    God:
Gold:   8          SH:  0    Dex: 14    Spells: 2/3 levels left

rFire   . . .      SeeInvis .   (no weapon)
rCold   . . .      Faith    .   (no shield)
rNeg    . . .      Spirit   .   c - +1 robe {Will+}
rPois   .          Reflect  .   (no helmet)
rElec   .          Harm     .   (no cloak)
rCorr   .          Rampage  .   (no gloves)
Will    +....                   (no boots)
Stlth   ++........              (no amulet)
HPRegen 0.04/turn               (no ring)
MPRegen 0.09/turn               (no ring)

@: constricted
A: high MP 1, forlorn, divine attributes
a: no special abilities


You were on level 1 of the Dungeon.
You visited 1 branch of the dungeon, and saw 1 of its levels.

You collected 8 gold pieces.

Inventory:

Armour
 a - a +0 robe
 c - a +1 robe of willpower (worn)
Potions
 b - a potion of magic


   Skills:
 - Level 1.8 Dodging
 - Level 1.8 Stealth
 + Level 1.8 Spellcasting
 + Level 3.8 Ice Magic


You had 2 spell levels left.
You knew the following spells:

 Your Spells              Type           Power      Damage    Failure   Level
a - Freeze                Ice            56%        1d7       4%          1

Your spell library contained the following spells:

 Spells                   Type           Power      Damage    Failure   Level
 Frozen Ramparts          Ice            28%        1d4       12%         3
 Ozocubu's Armour         Ice            14%        N/A       12%         3
 Hailstorm                Conj/Ice       8%         3d4       65%         4


Dungeon Overview and Level Annotations

Branches:
Dungeon (1/15)


Innate Abilities, Weirdness & Mutations

You have an increased reservoir of magic. (+10% MP)
You shall have no god before yourself.
Your divine heritage dramatically boosts your attributes as you level up.


Message History

You start resting.
HP restored.
You are not religious.
Okay, then.
Unknown command.
You are not religious.
Save game and exit?
Welcome back, bigduke15 the Demigod Ice Elementalist.
Press ? for a list of commands and other information.
The ball python hisses angrily.
A giant cockroach comes into view.
Found 10 gold pieces.
The ball python bites you. The ball python barely misses you.
The ball python closely misses you. x2
The ball python bites you. The ball python grabs you.
The ball python constricts you. The giant cockroach bites you.
The ball python barely misses you. The ball python constricts you.
The giant cockroach closely misses you. The ball python closely misses you.
The ball python constricts you. The giant cockroach barely misses you.
The ball python bites you. The ball python constricts you.
The giant cockroach barely misses you. The ball python bites you.
The ball python constricts you. The giant cockroach misses you.
The ball python bites you.
* * * LOW HITPOINT WARNING * * *
The ball python constricts you. The giant cockroach barely misses you.
The ball python bites you but does no damage.
The ball python constricts you.
The giant cockroach bites you but does no damage.
The ball python barely misses you. The ball python constricts you.
* * * LOW HITPOINT WARNING * * *
The giant cockroach bites you but does no damage.
The ball python bites you but does no damage.
The ball python constricts you.
* * * LOW HITPOINT WARNING * * *
The giant cockroach bites you but does no damage.
The ball python barely misses you. The ball python constricts you.
The giant cockroach bites you.
You die...

....... .......####
......# ..........#
......# ..........#
....$.# .##.......#
......# ..........+
....... ..##......#
.......
..####.##.###B......
........[...@S#
#.#.##.##.###.###
.>...............
###.............#
........†.......#
####.............# .
................#
#..#..............#
#..#........(.....#


You could see a giant cockroach and a ball python.

Vanquished Creatures
  A ball python (D:1)
  An endoplasm (D:1)
  2 hobgoblins (D:1)
4 creatures vanquished.

Notes
Turn   | Place    | Note
-------+----------+-------------------------------------------
     0 | D:1      | bigduke15 the Demigod Ice Elementalist began the quest for
                  | the Orb.
     0 | D:1      | Reached XP level 1. HP: 14/14 MP: 5/5
   336 | D:1      | Slain by a giant cockroach

Illustrated notes

Levels and vault maps discovered:
D:1:      psy_arrival_radial02, layout_basic

Action                   || total
-------------------------++-------
Melee: Unarmed           ||    21
       Punch             ||     1
 Cast: Freeze            ||     4
 Stab: Sleeping          ||     2
Armor: Robe              ||     9
Dodge: Dodged            ||    28

Table legend: (Time is in decaauts)
 A = Elapsed time spent in this place.
 B = Non-inter-level travel time spent in this place.
 C = Inter-level travel time spent in this place.
 D = Time resting spent in this place.
 E = Time spent auto-exploring this place.
 F = Levels seen in this place.
 G = Mean time per level.
                   A        B        C        D        E       F      G
               +--------+--------+--------+--------+--------+-----+--------+
         Total |    338 |    332 |      6 |    139 |    121 |   1 |  338.0 |
       Dungeon |    338 |    332 |      6 |    139 |    121 |   1 |  338.0 |
               +--------+--------+--------+--------+--------+-----+--------+

Top non-repeatable levels by time:
     D:1: 338 daAuts
